 Dungeon Crawl Stone Soup version 0.22-a0-99-g1ac4c55 (webtiles) character file.

96 KristoblXynda the Charlatan (level 4, -3/21 HPs)
             Began as a Spriggan Artificer on Jan 25, 2018.
             Slain by Robin
             ... wielding a +0 trident
              (9 damage)
             ... on level 2 of the Dungeon.
             The game lasted 00:04:24 (2179 turns).

KristoblXynda the Charlatan (Spriggan Artificer)    Turns: 2179, Time: 00:04:25

Health: -3/21      AC:  3    Str:  8    XL:     4   Next: 41%
Magic:  8/8        EV: 19    Int: 13    God:
Gold:   92         SH:  0    Dex: 16    Spells: 3/3 levels left

rFire    . . .     SeeInvis +   a - +0 short sword
rCold    . . .     Gourm    .   (shield restricted)
rNeg     . . .     Faith    .   b - +0 robe
rPois    .         Spirit   .   (helmet restricted)
rElec    .         Reflect  .   n - +0 cloak
rCorr    .         Harm     .   (gloves unavailable)
MR       .....                  (boots unavailable)
Stlth    +++.......             (no amulet)
HPRegen  0.07/turn              (no ring)
MPRegen  0.11/turn              (no ring)

@: very quick
A: very small, unfitting armour, see invisible, herbivore, speed 3, slow
metabolism 2
a: no special abilities


You were on level 2 of the Dungeon.
You were not hungry.

You visited 1 branch of the dungeon, and saw 2 of its levels.

You collected 92 gold pieces.

Inventory:

Hand Weapons
 a - a +0 short sword (weapon)
Armour
 b - a +0 robe (worn)
 n - a +0 cloak (worn)
Wands
 c - a wand of flame (12)
 d - a wand of enslavement (13)
 e - a wand of random effects (9)
Scrolls
 g - a scroll of fog {unknown}
 h - a scroll of immolation {unknown}
 i - a scroll of random uselessness {unknown}
 k - a scroll of remove curse {unknown}
 m - a scroll of magic mapping {unknown}
 o - a scroll of identify {unknown}
Potions
 j - a potion of flight {unknown}
 l - a potion of haste {unknown}
Comestibles
 f - 3 rations


   Skills:
 - Level 0.7 Fighting
 + Level 2.4 Short Blades
 + Level 4.2 Dodging
 + Level 3.6 Stealth
 + Level 4.9 Evocations


You had 3 spell levels left.
You didn't know any spells.

Dungeon Overview and Level Annotations

Branches:
Dungeon (2/15)

Altars:

Annotations:
D:2 Robin


Innate Abilities, Weirdness & Mutations

You are very small and have problems with some larger weapons.
You are too small for most types of armour.
You have supernaturally acute eyesight. (SInv)
You are a herbivore.
You cover ground extremely quickly.
You need consume almost no food.


Message History

Robin misses you.
You hit Robin but do no damage.
Robin is moderately wounded.
Robin hits you with a trident.
You hit Robin.
Robin is moderately wounded.
You hit Robin but do no damage.
Robin is moderately wounded.
Robin hits you with a trident!
* * * LOW HITPOINT WARNING * * *
You hit Robin but do no damage.
Robin is moderately wounded.
Robin closely misses you.
You closely miss Robin.
Robin is moderately wounded.
Robin misses you.
You hit Robin.
Robin is heavily wounded.
Robin hits you with a trident!
You die...

#.#.............###)#
.(....####(.....# #.#
##.....# #.>....###.#
##...## #......(...#
##.## #######.(###
#.# #.## #.# #.# #'#
#)# ... #@# #g# #S#


gl. ..%## ....# .#...# #.##.## . .. You could see Robin, an adder, a leopard
gecko and a goblin.

Vanquished Creatures
  Crazy Yiuf (D:2)
  Jessica (D:2)
  A leopard gecko (D:1)
  6 bats
  2 giant cockroaches (D:1)
  11 goblins
  2 hobgoblins (D:1)
  4 jackals (D:1)
  2 frilled lizards
  5 kobolds
  4 rats (D:1)
39 creatures vanquished.

Vanquished Creatures (others)
  A hobgoblin (D:2)
1 creature vanquished.

Grand Total: 40 creatures vanquished

Notes
Turn   | Place    | Note
-------+----------+-------------------------------------------
     0 | D:1      | KristoblXynda the Spriggan Artificer began the quest for the Orb.
     0 | D:1      | Reached XP level 1. HP: 9/9 MP: 4/4
   357 | D:1      | Reached XP level 2. HP: 4/14 MP: 6/6
  1288 | D:1      | Reached XP level 3. HP: 15/17 MP: 7/7
  1500 | D:2      | Found a runed door.
  1542 | D:2      | Noticed Crazy Yiuf
  1563 | D:2      | Killed Crazy Yiuf
  1752 | D:2      | Noticed Jessica
  1766 | D:2      | Killed Jessica
  1766 | D:2      | Reached XP level 4. HP: 16/21 MP: 8/8
  1952 | D:2      | Noticed Robin
  2179 | D:2      | Slain by Robin

Vault maps used:
D:1:      dpeg_arrival_line_fractal, serial_bayou_lagoon_a,
          serial_bayou_crossing
D:2:      nicolae_overflow_crystal_walls, first_ration, uniq_crazy_yiuf_cottage,
          uniq_robin, uniq_jessica

Skill      XL: |  1  2  3 |
---------------+----------+-----
Stealth        | 2 3 |  3.6
Short Blades   | 2 |  2.4
Dodging        | 4 |  4.2
Fighting       | |  0.7
Evocations     | |  4.9

Action                   |  1- 3 |  4- 6 || total
-------------------------+-------+-------++-------
Melee: Short sword       |   132 |    37 ||   169
Evoke: Wand              |     6 |     5 ||    11
 Stab: Sleeping          |     6 |       ||     6
       Confused          |     1 |       ||     1
Armor: Robe              |    17 |     7 ||    24
Dodge: Dodged            |   121 |    35 ||   156

Table legend:
 A = Spawn XP
 B = Non-spawn XP
 C = Spawn XP percentage of total XP
 D = Spawn monster count
 E = Non-spawn monster count
 F = Spawn count percentage of total count
 G = Total turns spent on level
                    A         B        C        D         E        F      G
               +---------+---------+-------+---------+---------+-------+---------
         Total |       0 |     138 |   0.0 |       0 |      39 |   0.0 |  2179
               +---------+---------+-------+---------+---------+-------+---------
           D:1 |       0 |      41 |   0.0 |       0 |      26 |   0.0 |  1380
           D:2 |       0 |      97 |   0.0 |       0 |      13 |   0.0 |   799
               +---------+---------+-------+---------+---------+-------+---------
